AoeStats
← flusha

Golden Pit

509826258Analyzed
1v1 RM · 3d ago on Sep 28, 2026· 34m 1s· 2 players
Game mode
Random Map
Map size
Tiny (2 player)
Population
200
Speed
Normal
Resources
Standard
Victory
Conquest
Starting age
Dark Age
Ending age
Imperial Age
RankedLock teamsTeams togetherTeam positionsShared explorationLock speedFull tech treeHidden civsTurbo modeCheats
Victory
Defeat
🇦🇷 Britons · Argentina
1027
+15
🇨🇴 Japanese · Colombia
1000
-45
Ziyech
3:22 Loom
11:36 Feudal Age
12:05 Double-Bit Axe
12:05 Horse Collar
12:01 Man-at-Arms
14:17 Gold Mining
15:42 Wheelbarrow
19:20 Scale Mail Armor
25:14 Forging
24:54 Fletching
25:05 Padded Archer Armor
36:28 Castle Age
flusha
10:59 Feudal Age
11:23 Loom
11:36 Double-Bit Axe
11:41 Arson
12:45 Wheelbarrow
11:55 Man-at-Arms
12:27 Horse Collar
17:12 Forging
17:57 Scale Mail Armor
18:50 Gold Mining
25:15 Castle Age
25:53 Gambesons
26:28 Hand Cart
26:31 Chain Mail Armor
26:14 Stone Mining
27:00 Gold Shaft Mining
26:47 Bow Saw
27:20 Fletching
28:03 Long Swordsman
30:11 Iron Casting
30:21 Crossbowman
31:04 Squires
32:05 Elite Skirmisher
33:18 Bodkin Arrow
Connection lost

Rejoining the realm…

Still unreachable

The connection could not be restored.

Session expired

The server has moved on; the page needs a fresh start.